[ AOE2 MATCH · #505738952 ]
UnrankedMalians vs Burgundians
Player's team · WIN
[ REPLAY ANALYSIS · EXTRACTED FROM THE RECORDED GAME ]
Feudal
9:16
Castle
25:36
Imperial
—
| APM avg | 35.8 |
| APM peak | 69 |
| eAPM avg | 15.7 |
| Villagers / military | 48 / 58 |
Focus
⚔️ 35.9% · 🌾 64.1%
Militia ×52 · Battering Ram ×4 · Mangonel ×2
Feudal
9:04
Castle
22:44
Imperial
—
| APM avg | 63.1 |
| APM peak | 105 |
| eAPM avg | 32.5 |
| Villagers / military | 74 / 33 |
Focus
⚔️ 49.0% · 🌾 51.0%
Archer ×16 · Scout Cavalry ×9 · Knight ×4 · Mangonel ×2 · Battering Ram ×2
Match map
Initial resources + every placement click. Lines = walls · curves = elevation contours. ◆ gold · ⬟ stone · ● berries · ✦ relic · ◌ wall gap
Your base· Open — 4t gap
troll_oscuro's base· ✓ Closed at 22:44 · 32t walls · 1 gate(s)
Smoothed initial terrain · ◌ = detected wall gap · hover for details
Inputs per minute
— [Los Sanguinarios] Daro087 - - troll_oscuro
Build order — [Los Sanguinarios] Daro087
First 150 of 167 actions detected
| 0:00 | Queue | Villager (Male) |
| 0:00 | Queue | Villager (Male) |
| 0:01 | Queue | Villager (Male) |
| 0:02 | Build | House |
| 0:04 | Build | House |
| 0:15 | Queue | Villager (Male) |
| 0:23 | Build | House |
| 1:31 | Queue | Villager (Male) |
| 1:43 | Build | Lumber Camp |
| 2:06 | Queue | Villager (Male) |
| 2:20 | Queue | Villager (Male) |
| 2:46 | Queue | Villager (Male) |
| 2:46 | Queue | Villager (Male) |
| 3:12 | Queue | Villager (Male) |
| 3:25 | Queue | Villager (Male) |
| 3:58 | Queue | Villager (Male) |
| 3:59 | Queue | Villager (Male) |
| 4:25 | Build | House |
| 4:30 | Queue | Villager (Male) |
| 5:10 | Queue | Villager (Male) |
| 5:43 | Queue | Villager (Male) |
| 5:43 | Queue | Villager (Male) |
| 5:49 | Research | Loom |
| 5:56 | Build | Barracks |
| 6:00 | Build | House |
| 6:21 | Queue | Villager (Male) |
| 6:43 | Build | Mill |
| 6:51 | Build | Mining Camp |
| 6:59 | Research | Feudal Age |
| 7:11 | Queue | Militia |
| 7:23 | Queue | Villager (Male) |
| 7:23 | Queue | Villager (Male) |
| 7:27 | Queue | Militia |
| 8:04 | Queue | Militia |
| 8:04 | Queue | Militia |
| 9:04 | Queue | Villager (Male) |
| 9:16 | Age | Feudal Age |
| 9:24 | Research | Man-at-Arms (upgrade) |
| 9:28 | Queue | Militia |
| 9:28 | Queue | Militia |
| 9:53 | Queue | Villager (Male) |
| 9:53 | Queue | Villager (Male) |
| 9:59 | Build | Blacksmith |
| 10:08 | Queue | Militia |
| 10:55 | Queue | Militia |
| 11:00 | Research | Arson |
| 11:05 | Build | House |
| 11:08 | Build | House |
| 11:29 | Queue | Militia |
| 11:57 | Queue | Villager (Male) |
| 11:58 | Queue | Villager (Male) |
| 12:09 | Build | Farm |
| 12:09 | Build | Farm |
| 12:39 | Build | Market |
| 12:46 | Build | Farm |
| 12:46 | Build | Farm |
| 12:46 | Build | Farm |
| 13:04 | Build | Watch Tower |
| 13:15 | Research | Scale Mail Armor |
| 13:38 | Queue | Militia |
| 13:38 | Queue | Militia |
| 13:50 | Queue | Villager (Male) |
| 14:56 | Queue | Villager (Male) |
| 14:56 | Queue | Villager (Male) |
| 15:00 | Build | Farm |
| 15:01 | Queue | Militia |
| 15:02 | Queue | Militia |
| 15:24 | Build | Mining Camp |
| 15:30 | Queue | Villager (Male) |
| 15:31 | Queue | Villager (Male) |
| 15:44 | Build | Watch Tower |
| 16:21 | Queue | Villager (Male) |
| 16:21 | Queue | Villager (Male) |
| 16:47 | Build | Watch Tower |
| 17:05 | Build | Farm |
| 17:07 | Build | Farm |
| 17:08 | Queue | Villager (Male) |
| 17:43 | Queue | Villager (Male) |
| 17:50 | Build | House |
| 18:02 | Queue | Villager (Male) |
| 18:06 | Build | Farm |
| 18:08 | Queue | Militia |
| 18:17 | Build | Barracks |
| 18:30 | Queue | Villager (Male) |
| 18:34 | Queue | Villager (Male) |
| 18:45 | Build | Farm |
| 18:57 | Build | House |
| 19:02 | Queue | Militia |
| 19:02 | Queue | Militia |
| 19:19 | Build | Mining Camp |
| 19:41 | Queue | Militia |
| 19:41 | Queue | Militia |
| 19:51 | Build | Watch Tower |
| 20:01 | Build | Farm |
| 20:02 | Queue | Villager (Male) |
| 20:09 | Queue | Militia |
| 20:17 | Build | House |
| 20:25 | Queue | Militia |
| 20:45 | Build | Watch Tower |
| 20:52 | Queue | Villager (Male) |
| 21:26 | Queue | Villager (Male) |
| 21:29 | Build | House |
| 21:32 | Build | Farm |
| 21:45 | Build | Mill |
| 22:02 | Build | Outpost |
| 22:17 | Queue | Villager (Male) |
| 22:28 | Build | Farm |
| 22:56 | Research | Castle Age |
| 23:24 | Queue | Militia |
| 23:24 | Queue | Militia |
| 23:46 | Queue | Militia |
| 23:56 | Build | House |
| 24:01 | Research | Double-Bit Axe |
| 24:08 | Queue | Militia |
| 24:16 | Build | House |
| 24:37 | Queue | Militia |
| 25:11 | Queue | Villager (Male) |
| 25:19 | Build | Lumber Camp |
| 25:36 | Age | Castle Age |
| 25:37 | Research | Chain Mail Armor |
| 25:40 | Research | Squires |
| 25:48 | Build | Siege Workshop |
| 25:58 | Research | Long Swordsman (upgrade) |
| 26:23 | Queue | Mangonel |
| 26:50 | Queue | Militia |
| 26:51 | Queue | Militia |
| 27:11 | Queue | Mangonel |
| 27:13 | Queue | Militia |
| 27:13 | Queue | Militia |
| 27:21 | Queue | Villager (Male) |
| 27:21 | Queue | Villager (Male) |
| 27:35 | Queue | Militia |
| 28:15 | Queue | Militia |
| 28:17 | Queue | Battering Ram |
| 28:43 | Queue | Militia |
| 28:44 | Queue | Militia |
| 29:11 | Queue | Militia |
| 29:11 | Queue | Militia |
| 29:14 | Build | Barracks |
| 29:17 | Queue | Villager (Male) |
| 29:17 | Queue | Villager (Male) |
| 29:58 | Queue | Militia |
| 29:58 | Queue | Battering Ram |
| 30:13 | Queue | Militia |
| 30:18 | Queue | Militia |
| 30:18 | Queue | Militia |
| 30:43 | Build | House |
| 30:44 | Queue | Militia |
| 30:44 | Queue | Militia |
| 30:52 | Research | Forging |
Build order — troll_oscuro
First 150 of 203 actions detected
| 0:03 | Build | House |
| 0:05 | Build | House |
| 0:07 | Queue | Villager (Male) |
| 0:07 | Queue | Villager (Male) |
| 0:07 | Queue | Villager (Male) |
| 0:08 | Queue | Villager (Male) |
| 0:08 | Queue | Villager (Male) |
| 1:15 | Queue | Villager (Male) |
| 1:15 | Queue | Villager (Male) |
| 2:00 | Queue | Villager (Male) |
| 2:00 | Queue | Villager (Male) |
| 2:04 | Build | Lumber Camp |
| 2:12 | Build | Lumber Camp |
| 2:16 | Queue | Villager (Male) |
| 2:53 | Queue | Villager (Male) |
| 2:53 | Queue | Villager (Male) |
| 3:19 | Research | Double-Bit Axe |
| 3:36 | Build | House |
| 3:48 | Build | House |
| 3:53 | Queue | Villager (Male) |
| 3:53 | Queue | Villager (Male) |
| 3:54 | Queue | Villager (Male) |
| 4:49 | Queue | Villager (Male) |
| 4:50 | Queue | Villager (Male) |
| 4:51 | Queue | Villager (Male) |
| 4:51 | Queue | Villager (Male) |
| 5:09 | Build | Mill |
| 5:52 | Queue | Villager (Male) |
| 6:09 | Research | Loom |
| 6:48 | Research | Feudal Age |
| 7:12 | Build | Palisade Wall |
| 7:20 | Build | Palisade Wall |
| 7:22 | Build | Mining Camp |
| 7:41 | Queue | Villager (Male) |
| 7:50 | Build | Palisade Wall |
| 7:51 | Build | Palisade Wall |
| 7:59 | Build | Palisade Wall |
| 8:05 | Build | Palisade Wall |
| 8:09 | Build | Palisade Gate |
| 8:18 | Build | Barracks |
| 9:04 | Age | Feudal Age |
| 9:16 | Build | Archery Range |
| 9:25 | Queue | Villager (Male) |
| 9:35 | Build | Archery Range |
| 9:42 | Queue | Villager (Male) |
| 9:47 | Build | House |
| 10:06 | Queue | Villager (Male) |
| 10:16 | Queue | Archer |
| 10:16 | Queue | Archer |
| 10:18 | Queue | Villager (Male) |
| 10:35 | Build | Blacksmith |
| 10:37 | Queue | Archer |
| 10:38 | Queue | Villager (Male) |
| 11:06 | Research | Bow Saw |
| 11:06 | Research | Bow Saw |
| 11:21 | Queue | Archer |
| 11:53 | Queue | Villager (Male) |
| 11:59 | Build | House |
| 12:36 | Research | Fletching |
| 12:37 | Research | Fletching |
| 12:48 | Queue | Villager (Male) |
| 12:48 | Queue | Villager (Male) |
| 13:02 | Queue | Villager (Male) |
| 13:05 | Queue | Archer |
| 13:05 | Queue | Archer |
| 13:05 | Queue | Archer |
| 13:15 | Research | Horse Collar |
| 13:15 | Research | Horse Collar |
| 13:26 | Build | Archery Range |
| 13:34 | Queue | Villager (Male) |
| 13:38 | Build | House |
| 13:39 | Build | House |
| 13:46 | Queue | Archer |
| 13:57 | Queue | Archer |
| 14:16 | Queue | Archer |
| 14:24 | Queue | Archer |
| 14:24 | Queue | Archer |
| 14:45 | Research | Heavy Plow |
| 14:45 | Research | Heavy Plow |
| 14:57 | Queue | Villager (Male) |
| 15:16 | Build | Market |
| 15:22 | Queue | Villager (Male) |
| 15:22 | Queue | Villager (Male) |
| 15:40 | Build | Farm |
| 15:41 | Build | Farm |
| 15:41 | Build | Farm |
| 15:41 | Build | Farm |
| 15:41 | Build | Farm |
| 15:41 | Build | Farm |
| 15:42 | Build | Farm |
| 15:42 | Build | Farm |
| 15:42 | Build | Farm |
| 15:48 | Build | Farm |
| 16:14 | Queue | Archer |
| 16:14 | Queue | Archer |
| 16:21 | Queue | Villager (Male) |
| 16:21 | Queue | Villager (Male) |
| 16:43 | Build | Farm |
| 16:45 | Build | Farm |
| 16:48 | Build | Farm |
| 16:48 | Queue | Villager (Male) |
| 16:50 | Build | Farm |
| 17:00 | Build | House |
| 17:04 | Build | House |
| 17:11 | Research | Wheelbarrow |
| 17:15 | Queue | Archer |
| 17:15 | Queue | Archer |
| 17:19 | Build | House |
| 17:41 | Build | House |
| 17:47 | Build | Farm |
| 17:50 | Build | Farm |
| 17:52 | Build | Farm |
| 17:55 | Build | Farm |
| 17:58 | Queue | Villager (Male) |
| 18:28 | Build | Farm |
| 20:04 | Research | Castle Age |
| 20:05 | Research | Castle Age |
| 21:13 | Build | Palisade Wall |
| 21:26 | Build | Palisade Wall |
| 21:34 | Build | Palisade Wall |
| 22:44 | Age | Castle Age |
| 22:45 | Research | Bodkin Arrow |
| 22:46 | Research | Bodkin Arrow |
| 22:46 | Research | Bodkin Arrow |
| 22:53 | Build | Town Center |
| 22:56 | Build | Archery Range |
| 22:59 | Queue | Villager (Male) |
| 23:01 | Queue | Villager (Male) |
| 23:15 | Queue | Villager (Male) |
| 23:27 | Build | Siege Workshop |
| 23:33 | Queue | Villager (Male) |
| 23:34 | Queue | Villager (Male) |
| 23:44 | Research | Crossbowman (upgrade) |
| 23:46 | Queue | Battering Ram |
| 23:47 | Queue | Battering Ram |
| 23:53 | Queue | Villager (Male) |
| 24:15 | Build | Farm |
| 24:16 | Build | Farm |
| 24:25 | Queue | Villager (Male) |
| 24:54 | Queue | Villager (Male) |
| 24:54 | Queue | Villager (Male) |
| 24:54 | Queue | Villager (Male) |
| 25:31 | Queue | Villager (Male) |
| 25:36 | Build | Town Center |
| 25:51 | Queue | Villager (Male) |
| 25:53 | Queue | Villager (Male) |
| 25:56 | Build | Town Center |
| 27:10 | Queue | Villager (Male) |
| 27:11 | Queue | Villager (Male) |
| 27:11 | Queue | Villager (Male) |
Match timeline
| 5:56 | [Los Sanguinarios] Daro087 · first_building Barracks |
| 7:12 | troll_oscuro · wall_segment Palisade Wall x12 |
| 7:20 | troll_oscuro · wall_segment Palisade Wall x7 |
| 7:50 | troll_oscuro · wall_segment Palisade Wall x1 |
| 7:51 | troll_oscuro · wall_segment Palisade Wall x1 |
| 7:59 | troll_oscuro · wall_segment Palisade Wall x1 |
| 8:05 | troll_oscuro · wall_segment Palisade Wall x1 |
| 8:18 | troll_oscuro · first_building Barracks |
| 9:04 | troll_oscuro · age_up feudal |
| 9:16 | troll_oscuro · first_building Archery Range |
| 9:16 | [Los Sanguinarios] Daro087 · age_up feudal |
| 13:37 | [Los Sanguinarios] Daro087 · first_market_buy 100 food |
| 16:13 | troll_oscuro · first_market_sell 100 wood |
| 16:41 | [Los Sanguinarios] Daro087 · first_market_sell 100 food |
| 21:13 | troll_oscuro · wall_segment Palisade Wall x1 |
| 21:26 | troll_oscuro · wall_segment Palisade Wall x4 |
| 21:34 | troll_oscuro · wall_segment Palisade Wall x4 |
| 22:31 | troll_oscuro · first_market_buy 100 stone |
| 22:44 | troll_oscuro · age_up castle |
| 23:27 | troll_oscuro · first_building Siege Workshop |
| 25:36 | [Los Sanguinarios] Daro087 · age_up castle |
| 25:48 | [Los Sanguinarios] Daro087 · first_building Siege Workshop |
| 29:30 | troll_oscuro · first_building Stable |
| 34:11 | troll_oscuro · resign |
[ AI ANALYSIS · 1 CREDIT ]
What really happened in this match?
Wolo.gg analyzes every decision: build order, eco, micro, common mistakes by bracket. Personalized analysis on WhatsApp or Discord in 30 seconds.
Civ guide
Malians
Perfil
Jugador #4719124